 Dungeon Crawl Stone Soup version 0.29.1-12-g30fa7ad0bf (webtiles) character file.

Game seed: 5423441558001691555

60 xzight the Grasshopper (level 4, -2/38 HPs)
             Began as a Gnoll Warper on Dec 30, 2022.
             Slain by a gnoll
             ... wielding a +0 whip
              (4 damage)
             ... on level 2 of the Dungeon.
             The game lasted 00:01:44 (940 turns).

xzight the Grasshopper (Gnoll Warper)                Turns: 940, Time: 00:01:44

Health: -2/38      AC:  5    Str: 11    XL:     4   Next: 6%
Magic:  11/11      EV: 11    Int: 14    God:
Gold:   24         SH:  0    Dex: 11    Spells: 13/13 levels left

rFire   . . .      SeeInvis .   b - +2 sling (flame)
rCold   . . .      Faith    .   (no shield)
rNeg    . . .      Spirit   .   l - +0 ring mail
rPois   .          Reflect  .   (no helmet)
rElec   .          Harm     .   (no cloak)
rCorr   .          Rampage  .   (no gloves)
Will    .....                   (no boots)
Stlth   +.........              (no amulet)
HPRegen 0.12/turn               (no ring)
MPRegen 0.12/turn               (no ring)

@: no status effects
A: fangs 1, strong nose, distributed training
a: no special abilities


You were on level 2 of the Dungeon.
You visited 1 branch of the dungeon, and saw 2 of its levels.

You collected 24 gold pieces.


Innate Abilities, Weirdness & Mutations

You have very sharp teeth.
Your uncanny sense of smell can sniff out nearby items.
Your experience applies equally to all skills.


   Skills:
 + Level 4.6 Fighting
 + Level 1.0 Short Blades
 + Level 1.0 Long Blades
 + Level 1.0 Axes
 + Level 1.0 Maces & Flails
 + Level 4.6 Polearms
 + Level 1.0 Staves
 + Level 1.0 Ranged Weapons
 + Level 2.7 Throwing
 + Level 2.7 Armour
 + Level 4.6 Dodging
 + Level 1.0 Stealth
 + Level 1.0 Shields
 + Level 1.0 Unarmed Combat
 + Level 5.0 Spellcasting
 + Level 0.8 Conjurations
 + Level 0.8 Hexes
 + Level 0.8 Summonings
 + Level 0.8 Necromancy
 + Level 5.4 Translocations
 + Level 0.8 Transmutations
 + Level 0.8 Fire Magic
 + Level 0.8 Ice Magic
 + Level 0.8 Air Magic
 + Level 0.8 Earth Magic
 + Level 0.8 Poison Magic
 + Level 1.1 Invocations
 + Level 1.0 Evocations


You had 13 spell levels left.
You didn't know any spells.
Your spell library contained the following spells:

 Spells                   Type           Power      Damage    Failure   Level
 Blink                    Tloc           36%        N/A       6%          2
 Gell's Gravitas          Tloc           18%        N/A       13%         3
 Lesser Beckoning         Tloc           18%        N/A       13%         3
 Teleport Other           Tloc           18%        N/A       13%         3
 Manifold Assault         Tloc           18%        N/A       75%         5

Inventory:

Hand Weapons
 a - a +2 vampiric short sword
 b - a +2 sling of flaming (weapon)
Missiles
 d - 7 boomerangs of dispersal {=f}
 f - 5 silver javelins
 k - 3 atropa-tipped darts
Armour
 l - a +0 ring mail (worn)
Scrolls
 c - a scroll of blinking
 e - a scroll of enchant weapon {unknown}
 i - a scroll of immolation {unknown}
Potions
 h - a potion of lignification {unknown}
 j - a potion of resistance {unknown}

Dungeon Overview and Level Annotations

Branches:
Dungeon (2/15)

Altars:

Shops:
D:1

=
.#.########...#
.........+...+
.......##...#
###..........#
#...........^#
#............#
#............#
#............###
#.#......###.@.#
#.#......# ##░g░
#.######## ░)░
####...# ░)..░
#...##.# ......░
#.#....#
░.......?░
.......####
..........
......#...#
░..........
....###.#.#
...........


You could see a gnoll.


Message History

Fire: b) +2 sling (flame)
Press: ? - help, Q - select action, (/) - cycle Shift-Dir - straight line, f - gnoll
Aim: a gnoll, wielding a +0 halberd (severely wounded, 61% to hit)
You shoot a sling bullet.
The sling bullet barely misses the gnoll.
The gnoll hits you from afar with a +0 halberd.
* * * LOW HITPOINT WARNING * * *
Fire: b) +2 sling (flame)
Press: ? - help, Q - select action, (/) - cycle Shift-Dir - straight line, f/p - gnoll
Aim: a gnoll, wielding a +0 halberd (severely wounded, 61% to hit)
You shoot a sling bullet. The sling bullet hits the gnoll.
The sling bullet burns the gnoll.
You kill the gnoll!
You have reached level 4!
You feel stronger.
Fire: b) +2 sling (flame)
Press: ? - help, Q - select action, (/) - cycle Shift-Dir - straight line, f - gnoll
Aim: a gnoll, wielding a +0 whip (61% to hit)
You shoot a sling bullet.
The sling bullet hits the gnoll but does no damage.
The gnoll hits you with a +0 whip.
* * * LOW HITPOINT WARNING * * *
The gnoll barely misses you.
Fire: b) +2 sling (flame)
Press: ? - help, Q - select action, (/) - cycle Shift-Dir - straight line, f/p - gnoll
Aim: a gnoll, wielding a +0 whip (61% to hit)
You shoot a sling bullet.
The sling bullet hits the gnoll but does no damage.
The gnoll hits you with a +0 whip.
You die...

Skill      XL: |  1  2  3 |
---------------+----------+-----
Spellcasting   | 5 |  5.0
Invocations    | 1 |  1.1
Short Blades   | 1 |  1.0
Long Blades    | 1 |  1.0
Axes           | 1 |  1.0
Maces & Flails | 1 |  1.0
Staves         | 1 |  1.0
Ranged Weapons | 1 |  1.0
Stealth        | 1 |  1.0
Shields        | 1 |  1.0
Unarmed Combat | 1 |  1.0
Evocations     | 1 |  1.0
Fighting       | |  4.6
Polearms       | |  4.6
Throwing       | |  2.7
Armour         | |  2.7
Dodging        | |  4.6
Conjurations   | |  0.8
Hexes          | |  0.8
Summonings     | |  0.8
Necromancy     | |  0.8
Translocations | |  5.4
Transmutations | |  0.8
Fire Magic     | |  0.8
Ice Magic      | |  0.8
Air Magic      | |  0.8
Earth Magic    | |  0.8
Poison Magic   | |  0.8

Action                   |  1- 3 |  4- 6 || total
-------------------------+-------+-------++-------
Melee: Spear             |    33 |       ||    33
       Bite              |     1 |       ||     1
 Fire: Sling             |    62 |     2 ||    64
Armor: Leather armour    |     7 |       ||     7
       Ring mail         |    10 |       ||    10
Dodge: Dodged            |    33 |     1 ||    34

Levels and vault maps discovered:
D:1:      lightli_arrival_farm, layout_basic, serial_shops, shop,
          shapermc_ecumenical_altar_mp_highgroup, minivault_4, minivault_14
D:2:      minmay_skewed_foursquare, layout_basic

Notes
Turn   | Place    | Note
-------+----------+-------------------------------------------
     0 | D:1      | xzight the Gnoll Warper began the quest for the Orb.
     0 | D:1      | Reached XP level 1. HP: 20/20 MP: 6/6
   150 | D:1      | Reached XP level 2. HP: 26/26 MP: 7/7
   196 | D:1      | Found Ifriz's Jewellery Shoppe.
   349 | D:1      | Found a faded altar of an unknown god.
   818 | D:2      | Reached skill level 5 in Spellcasting
   818 | D:2      | Reached XP level 3. HP: 30/31 MP: 7/9
   932 | D:2      | Reached skill level 1 in Invocations
   937 | D:2      | Reached skill level 1 in Short Blades
   937 | D:2      | Reached skill level 1 in Long Blades
   937 | D:2      | Reached skill level 1 in Axes
   937 | D:2      | Reached skill level 1 in Maces & Flails
   937 | D:2      | Reached skill level 1 in Staves
   937 | D:2      | Reached skill level 1 in Ranged Weapons
   937 | D:2      | Reached skill level 1 in Stealth
   937 | D:2      | Reached skill level 1 in Shields
   937 | D:2      | Reached skill level 1 in Unarmed Combat
   937 | D:2      | Reached skill level 1 in Evocations
   937 | D:2      | HP: 2/31 [gnoll/+0 halberd (3)]
   939 | D:2      | Reached XP level 4. HP: 2/38 MP: 11/11
   940 | D:2      | Slain by a gnoll

Vanquished Creatures
  2 gnolls (D:2)
  An adder (D:2)
  3 ball pythons
  3 endoplasms (D:2)
  2 giant cockroaches (D:2)
  A goblin (D:1)
  4 hobgoblins
  4 kobolds
  2 quokkas (D:1)
  2 bats (D:1)
  4 frilled lizards
  3 rats (D:1)
31 creatures vanquished.

Table legend: (Time is in decaauts)
 A = Elapsed time spent in this place.
 B = Non-inter-level travel time spent in this place.
 C = Inter-level travel time spent in this place.
 D = Time resting spent in this place.
 E = Time spent auto-exploring this place.
 F = Levels seen in this place.
 G = Mean time per level.
                   A        B        C        D        E       F      G
               +--------+--------+--------+--------+--------+-----+--------+
         Total |    993 |    962 |     31 |      0 |    757 |   2 |  496.5 |
       Dungeon |    993 |    962 |     31 |      0 |    757 |   2 |  496.5 |
               +--------+--------+--------+--------+--------+-----+--------+

Top non-repeatable levels by time:
     D:1: 773 daAuts
     D:2: 219 daAuts

Table legend:
 A = Non-vault XP
 B = Vault XP
 C = Vault XP percentage of total XP
 D = Non-vault monster count
 E = Vault monster count
 F = Vault count percentage of total count
                 A         B        C        D         E       F
            +---------+---------+-------+---------+---------+-------
      Total |      87 |       0 |   0.0 |      31 |       0 |   0.0
            +---------+---------+-------+---------+---------+-------
        D:1 |      27 |       0 |   0.0 |      18 |       0 |   0.0
        D:2 |      60 |       0 |   0.0 |      13 |       0 |   0.0
            +---------+---------+-------+---------+---------+-------
